 Dungeon Crawl Stone Soup version 0.17-a0-854-g4a4ba72 (webtiles) character file.

39 namelastname112 the Bolt Thrower (level 3, -3/30 HPs)
             Began as a Draconian Hunter on Apr 28, 2015.
             Slain by a gnoll
             ... wielding a +0 flail
              (9 damage)
             ... on level 1 of the Dungeon.
             The game lasted 00:01:43 (1108 turns).

namelastname112 the Bolt Thrower (Draconian Hunter) Turns: 1108, Time: 00:01:43

Health: -3/30      AC:  5    Str: 14    XL:     3   Next: 28%
Magic:  3/3        EV: 12    Int: 11    God:
Gold:   58         SH:  0    Dex: 12    Spells: 0 memorised, 2 levels left

rFire  . . .     SeeInvis .     b - +1 hand crossbow
rCold  . . .     Clarity  .     (armour unavailable)
rNeg   . . .     SustAb   .     (no shield)
rPois  .         Gourm    .     (helmet restricted)
rElec  .         Spirit   .     (no cloak)
rCorr  .         Warding  .     (no gloves)
rMut   .         Stasis   .     (no boots)
MR     .....                    (no amulet)
Stlth  ++........               (no ring)
                                l - ring of stealth

@: not resistant to hostile enchantments, unstealthy
A: unfitting armour, cold-blooded, AC +5
a: no special abilities


You were on level 1 of the Dungeon.
You were hungry.

You visited 1 branch of the dungeon, and saw 2 of its levels.

You collected 58 gold pieces.

Inventory:

Hand weapons
 a - a +0 short sword
 b - a +1 hand crossbow (weapon)
Missiles
 c - 17 bolts (quivered)
Jewellery
 l - a ring of stealth (left hand)
Scrolls
 f - a scroll of fear {unknown}
 i - a scroll of enchant weapon {unknown}
 j - a scroll of fog {unknown}
 k - 2 scrolls of identify {unknown}
 m - a scroll of remove curse {unknown}
 n - a scroll of recharging {unknown}
Potions
 e - a potion of magic {unknown}
Comestibles
 d - 2 bread rations
 g - a fruit
 h - a slice of pizza


   Skills:
 + Level 2.7 Fighting
 * Level 4.2 Crossbows
 + Level 2.1 Dodging
 - Level 0.8 Stealth


You had 2 spell levels left.
You didn't know any spells.

Dungeon Overview and Level Annotations

Branches:
Dungeon (2/15)

Altars:
Cheibriados


Innate Abilities, Weirdness & Mutations

Your plain brown scales are hard (AC +5).
Your body does not fit into most forms of armour.
You are cold-blooded and may be slowed by cold attacks.


Message History

You are too injured to fight recklessly!
You are too injured to fight recklessly!
b - a +1 hand crossbow (weapon)
Firing (i - inventory):
c - 20 bolts (quivered)
Press: ? - help, Shift-Dir - straight line, f - gnoll
Aim: a gnoll, wielding a flail (moderately wounded)
You shoot a bolt. The bolt barely misses the gnoll.
The gnoll hits you with a flail.
* * * LOW HITPOINT WARNING * * *
Firing (i - inventory):
c - 19 bolts (quivered)
Press: ? - help, Shift-Dir - straight line, f/p - gnoll
Aim: a gnoll, wielding a flail (moderately wounded)
You shoot a bolt. The bolt closely misses the gnoll.
The gnoll hits you but does no damage.
Firing (i - inventory):
c - 18 bolts (quivered)
Press: ? - help, Shift-Dir - straight line, f/p - gnoll
Aim: a gnoll, wielding a flail (moderately wounded)
You shoot a bolt. The bolt barely misses the gnoll.
The gnoll hits you with a flail!
You die...

#......###.....###.#
#......##........##.
#......##......#..##
#......##..#.....#.#
#......##...##.#..#.
#......##...##......
#......#.......#.#.#
###....##.....#.....
#@g..+#.#..#..##..
#....##...#...##..
############..#..#......#.
#......#####..#.#..#......
#.............#...........
#.............#######.###.
#...........###...........
#.......##### #.#####.####
#.......#######.#.....#


You could see a gnoll.

Vanquished Creatures
  An ooze (D:2)
  2 giant geckos
  4 bats
  3 giant cockroaches (D:1)
  5 goblins (D:1)
  A hobgoblin (D:1)
  3 jackals (D:2)
  2 ball pythons
  2 giant newts
  5 kobolds
  5 rats
33 creatures vanquished.

Notes
Turn   | Place    | Note
--------------------------------------------------------------
     0 | D:1      | namelastname112, the Draconian Hunter, began the quest for the Orb.
     0 | D:1      | Reached XP level 1. HP: 17/17 MP: 1/1
   267 | D:1      | Reached XP level 2. HP: 25/25 MP: 2/2
   348 | D:1      | Found a snail-covered altar of Cheibriados.
   460 | D:1      | Reached skill level 4 in Crossbows
   998 | D:2      | Reached XP level 3. HP: 25/30 MP: 3/3
  1108 | D:1      | Slain by a gnoll

Action                   || total
-------------------------++-------
Melee: Short sword       ||   102
 Fire: Hand crossbow     ||     3
 Stab: Sleeping          ||     2
